 Dungeon Crawl Stone Soup version 0.28.0 (webtiles) character file.

Game seed: 6282254394342711781

139 croobank the Sneak (level 5, -2/25 HPs)
             Began as a Felid Delver on Feb 14, 2022.
             Slain by an adder (3 damage)
             ... on level 3 of the Dungeon.
             The game lasted 00:17:46 (2925 turns).

croobank the Sneak (Felid Delver)                   Turns: 2925, Time: 00:17:46

Health: -2/25      AC:  1    Str: 14    XL:     5   Next: 1%
Magic:  6/6        EV: 19    Int: 11    God:
Gold:   185        SH:  0    Dex: 18    Spells: 4/4 levels left
                                        Lives:  0   Deaths: 1

rFire   . . .      SeeInvis +     - Unarmed
rCold   . . .      Faith    .   (shield unavailable)
rNeg    . . .      Spirit   .   (armour unavailable)
rPois   .          Reflect  .   (helmet unavailable)
rElec   .          Harm     .   (cloak unavailable)
rCorr   .          Rampage  .   (gloves unavailable)
Will    .....                   (boots unavailable)
Stlth   ++++......              (no amulet)
HPRegen 0.08/turn               h - +6 ring of strength
MPRegen 0.10/turn               (no ring)

@: brilliant, lethally poisoned (-2 -> -3), quick
A: very small, claws 1, fangs 3, see invisible, speed 1, shaggy fur 1, stealthy
paws, no weapons or thrown items, no armour, multi-lived, weak 1
a: no special abilities


You were on level 3 of the Dungeon.
You visited 1 branch of the dungeon, and saw 5 of its levels.

You collected 185 gold pieces.

Inventory:

Missiles
 f - 6 boomerangs
 i - 32 stones
 m - 19 bolts
 n - 9 arrows
Jewellery
 h - a +6 ring of strength (left paw)
 k - a ring of poison resistance
Wands
 d - a wand of polymorph (5)
 e - a wand of digging (1)
Scrolls
 a - 2 scrolls of fog
 b - a scroll of teleportation
 c - 4 scrolls of identify
 j - a scroll of acquirement {unknown}
 l - a scroll of amnesia {unknown}


   Skills:
 + Level 4.0 Fighting
 + Level 4.4 Dodging
 + Level 7.7 Stealth
 + Level 3.3 Unarmed Combat


You had 4 spell levels left.
You didn't know any spells.
Your spell library contained the following spells:

 Spells                   Type           Power      Damage    Failure   Level
 Gell's Gravitas          Tloc           0%         N/A       71%         3
 Lesser Beckoning         Tloc           0%         N/A       71%         3
 Teleport Other           Tloc           0%         N/A       71%         3


Dungeon Overview and Level Annotations

Branches:
Dungeon (5/15)             Temple (0/1) D:5

Altars:
Qazlal


Innate Abilities, Weirdness & Mutations

You have sharp claws.
You have razor-sharp teeth.
You have supernaturally acute eyesight. (SInv)
You cover ground quickly. (Speed+)
You are covered in fur. (AC +1)
Your paws help you pounce on unaware monsters.
You are incapable of wielding weapons or throwing items.
You cannot wear armour.
You gain extra lives every three experience levels.
You are weak. (Str -2)


Message History

The adder bites you.
You are poisoned.
The adder poisons you! The adder completely misses you.
You scratch the adder.
The adder is moderately wounded.
You feel sick. The adder misses you.
You scratch the adder.
The adder is heavily wounded.
You feel sick. The adder bites you.
You are more poisoned.
The adder poisons you!
You closely miss the adder. Your bite misses the adder.
The adder is heavily wounded.
You feel very sick. The adder misses you. The adder completely misses you.
You closely miss the adder.
The adder is heavily wounded.
You feel sick. The adder misses you.
It was a potion of brilliance.
You feel clever all of a sudden.
You feel sick. The adder bites you.
* * * LOW HITPOINT WARNING * * *
There is a lethal amount of poison in your body!
You barely miss the adder.
The adder is heavily wounded.
* * * LOW HITPOINT WARNING * * *
You feel sick. The adder barely misses you.
You scratch the adder.
The adder is severely wounded.
* * * LOW HITPOINT WARNING * * *
You feel sick. The adder misses you. The adder closely misses you.
You barely miss the adder.
The adder is severely wounded.
* * * LOW HITPOINT WARNING * * *
You feel sick. The adder barely misses you.
You scratch the adder but do no damage.
The adder is severely wounded.
* * * LOW HITPOINT WARNING * * *
You feel sick. The adder bites you.
You die...

#[# ##.#####.# #.#
#........# #.#
#.######## ###.### #.#
######.....####### #.#
.................###.#
######.....#####...###
######.÷...# #E#S..#E#
...........#####@..####
...###..#####.........#
##.# #..# #....._....#
#†# #..####..........#
#.# #..##...###...####
#.# #..##.###E#...#E#
##.###..##.#####...###
.............# .####
.#.###.####..##.#


You could see an earth elemental, a water elemental, a fire elemental, an air
elemental and an adder.

Vanquished Creatures
  A necrophage (D:4)
  An iguana (D:4)
  3 adders
  2 worms
  An orc (D:4)
  8 ball pythons
  4 endoplasms
  2 giant cockroaches
  A goblin (D:3)
  6 hobgoblins
  4 jackals
  2 kobolds (D:1)
  4 quokkas
  6 bats
  2 frilled lizards (D:1)
  13 rats
60 creatures vanquished.

Vanquished Creatures (others)
  3 plants (D:4)
3 creatures vanquished.

Grand Total: 63 creatures vanquished

Notes
Turn   | Place    | Note
-------+----------+-------------------------------------------
     0 | D:5      | croobank the Felid Delver began the quest for the Orb.
     0 | D:5      | Reached XP level 1. HP: 10/10 MP: 2/2
    22 | D:5      | Noticed an iguana
    23 | D:5      | Noticed a jelly
    71 | D:4      | Noticed a necrophage
    78 | D:4      | Noticed an iguana
    79 | D:4      | Killed a necrophage
    80 | D:4      | Reached skill level 7 in Stealth
    80 | D:4      | Reached XP level 2. HP: 14/14 MP: 3/3
    80 | D:4      | Reached XP level 3. HP: 17/17 MP: 4/4
    80 | D:4      | Reached XP level 4. HP: 21/21 MP: 5/5
   176 | D:4      | HP: 1/21 [gnoll (9)]
   280 | D:4      | HP: 1/22 [adder (1)]
   319 | D:4      | Gained mutation: You tend to lose your temper in combat.
                  | [potion of mutation]
   325 | D:4      | HP: 1/22 [orc (3)]
   354 | D:4      | Lost mutation: You tend to lose your temper in combat.
                  | [potion of mutation]
   354 | D:4      | Gained mutation: You are weak. (Str -2) [potion of
                  | mutation]
   354 | D:4      | HP: 1/22 [orc (1)]
   358 | D:4      | Slain by a jackal
   359 | D:4      | Reached XP level 3. HP: -1/18 MP: 4/4
   375 | D:4      | Noticed an ogre
   598 | D:3      | Noticed a fire elemental
   599 | D:3      | Found a stormy altar of Qazlal.
   602 | D:3      | Noticed an air elemental
   602 | D:3      | Noticed a water elemental
   602 | D:3      | Noticed an earth elemental
   621 | D:3      | Reached XP level 4. HP: 22/22 MP: 5/5
  2054 | D:2      | Identified the +0 long sword "X" {protect, rElec Str+6
                  | Int-5 Stlth+}
  2320 | D:2      | Found a faded altar of an unknown god.
  2816 | D:3      | Reached XP level 5. HP: 25/25 MP: 6/6
  2925 | D:3      | HP: 1/25 [poisoned by an adder]
  2925 | D:3      | Slain by an adder

Illustrated notes

Levels and vault maps discovered:
D:1:      erik_arrival_triangle_small, layout_loops_cross, nicolae_wormholes
D:2:      layout_rooms, shapermc_ecumenical_altar_notcrosses
D:3:      layout_loops_ring, nicolae_qazlal_style_of_elements,
          minmay_misc_feat_x
D:4:      layout_basic, serial_bayou_pond_e, minmay_quantized
D:5:      layout_basic, minmay_temple_entry_mini_moons

Skill      XL: |  1  2  3  4 |
---------------+-------------+-----
Dodging        | 3 4 |  4.4
Stealth        | 7 |  7.7
Unarmed Combat | 3 |  3.3
Fighting       | 4 |  4.0

Action                   |  1- 3 |  4- 6 || total
-------------------------+-------+-------++-------
Melee: Unarmed           |    14 |   140 ||   154
       Bite              |     2 |    10 ||    12
       Punch             |       |     1 ||     1
Evoke: Wand              |       |     2 ||     2
  Use: Scroll            |     2 |     2 ||     4
       Potion            |       |     4 ||     4
 Stab: Sleeping          |     5 |    15 ||    20
Armor: Skin              |       |     8 ||     8
Dodge: Dodged            |     8 |    91 ||    99
